 Dungeon Crawl Stone Soup version 0.24-a0-415-g6d73c25c48 (webtiles) character file.

Game seed: 12582403350048441210

553 Gynju the Spear-Bearer (level 7, -5/57 HPs)
             Began as a Minotaur Fighter on June 8, 2019.
             Was a Follower of Okawaru.
             Slain by Duvessa
             ... wielding a +2 short sword of protection
              (12 damage)
             ... on level 4 of the Dungeon.
             The game lasted 00:07:49 (4312 turns).

Gynju the Spear-Bearer (Minotaur Fighter)           Turns: 4312, Time: 00:07:49

Health: -5/57      AC:  6    Str: 22    XL:     7   Next: 8%
Magic:  6/6        EV:  9    Int:  5    God:    Okawaru [*.....]
Gold:   255        SH:  0    Dex: 10    Spells: 6/6 levels left

rFire    . . .     SeeInvis .   i - +0 halberd
rCold    . . .     Gourm    .   (shield currently unavailable)
rNeg     . . .     Faith    .   b - +0 scale mail
rPois    .         Spirit   .   (helmet restricted)
rElec    .         Reflect  .   (no cloak)
rCorr    .         Harm     .   (no gloves)
MR       .....                  (no boots)
Stlth    ..........             (no amulet)
HPRegen  0.19/turn              (no ring)
MPRegen  0.10/turn              (no ring)

@: no status effects
A: retaliatory headbutt, horns 2
a: Heroism, Renounce Religion


You were on level 4 of the Dungeon.
You worshipped Okawaru.
Okawaru was aware of your devotion.
You were not hungry.

You visited 2 branches of the dungeon, and saw 6 of its levels.

You collected 255 gold pieces.

Inventory:

Hand Weapons
 a - a +0 trident
 i - a +0 halberd (weapon)
Armour
 b - a +0 scale mail (worn)
Wands
 m - a wand of clouds (7)
 n - a wand of random effects (17)
Scrolls
 e - a scroll of teleportation
 h - 6 scrolls of remove curse
Potions
 d - a potion of might
 g - a potion of heal wounds {unknown}
 j - 3 potions of curing {unknown}
 k - 2 potions of brilliance {unknown}
 l - a potion of mutation {unknown}
 o - 2 potions of magic {unknown}
Comestibles
 f - 11 rations


   Skills:
 - Level 3.6 Fighting
 + Level 9.4 Polearms
 - Level 3.6 Armour
   Level 3.6 Shields


You had 6 spell levels left.
You didn't know any spells.
Your spell library was empty.

Dungeon Overview and Level Annotations

Branches:
Dungeon (5/15)             Temple (1/1) D:4

Altars:
Ashenzari
Cheibriados
Elyvilon
Gozag
Nemelex Xobeh
Okawaru
Qazlal
Sif Muna
Trog
Uskayaw
Vehumet
Wu Jian
Xom
Yredelemnul
Zin
The Shining One

Annotations:
D:4 Duvessa


Innate Abilities, Weirdness & Mutations

You reflexively headbutt those who attack you in melee.
You have a pair of horns on your head.


Message History

Okay, then.
You hit Dowan.
You kill Dowan!
Okawaru accepts your kill.
You can now gain great but temporary skills.
Duvessa screams in rage.
Duvessa goes berserk!
You have reached level 7!
Duvessa completely misses you.
Duvessa hits you with a +2 short sword of protection!
* * * LOW HITPOINT WARNING * * *
You hit Duvessa. Your headbutt misses Duvessa.
Duvessa is lightly wounded.
Duvessa hits you with a +2 short sword of protection.
* * * LOW HITPOINT WARNING * * *
You puncture Duvessa!
Duvessa is moderately wounded.
Duvessa hits you but does no damage.
Duvessa hits you with a +2 short sword of protection!
You die...

.....##........#......#.##.##....
..>............#...........##....
##.#.###...............##########
##...###....<......)..##
...............#...#######
.........................#
.........................####
............................#
............(#.)@...........#
..._......#.....e.....<.....#
...................#........#
.....⌠.....#.......##.###...#
.......^...........##.###.######
.#....._.#.##.......#..##......#
.........(.............#..#######
.###...#.##.#.#.....##.(.## ## ##
##.##.##.#.##..#.......#


You could see Duvessa (berserk).

Vanquished Creatures
  Dowan (D:4)
  2 scorpions (D:4)
  A bullfrog zombie (D:5)
  A jelly (D:5)
  A bullfrog skeleton (D:4)
  3 worker ants
  3 orc wizards (D:5)
  Robin (D:2)
  6 adders
  An adder zombie (D:5)
  An adder skeleton (D:5)
  2 worms (D:2)
  2 dart slugs
  2 leopard geckos (D:5)
  7 orcs
  A giant cockroach (D:4)
  13 goblins
  10 hobgoblins
  4 jackals (D:5)
  10 kobolds
  A quokka (D:4)
  7 bats
  5 frilled lizards
  6 rats
91 creatures vanquished.

Notes
Turn   | Place    | Note
-------+----------+-------------------------------------------
     0 | D:1      | Gynju the Minotaur Fighter began the quest for the Orb.
     0 | D:1      | Reached XP level 1. HP: 19/19 MP: 0/0
   209 | D:1      | Reached skill level 3 in Polearms
   240 | D:1      | Reached XP level 2. HP: 26/26 MP: 1/1
   621 | D:1      | Reached skill level 4 in Polearms
   906 | D:2      | Reached XP level 3. HP: 31/31 MP: 2/2
  1063 | D:2      | Reached skill level 5 in Polearms
  1087 | D:2      | Found a stormy altar of Qazlal.
  1122 | D:2      | Noticed Robin
  1132 | D:2      | Killed Robin
  1132 | D:2      | Reached XP level 4. HP: 30/39 MP: 3/3
  1598 | D:2      | Found a deep blue altar of Sif Muna.
  2008 | D:3      | Found an opulent altar of Gozag.
  2076 | D:3      | Reached skill level 6 in Polearms
  2853 | D:4      | Found a sparkling altar of Nemelex Xobeh.
  2876 | D:4      | Reached XP level 5. HP: 33/45 MP: 4/4
  2943 | D:4      | Reached skill level 7 in Polearms
  3090 | D:4      | Found a shimmering altar of Xom.
  3092 | D:4      | Found a radiant altar of Vehumet.
  3223 | D:4      | Found a staircase to the Ecumenical Temple.
  3234 | Temple   | Entered the Ecumenical Temple
  3290 | Temple   | Became a worshipper of Warmaster Okawaru
  3468 | D:4      | Reached XP level 6. HP: 44/51 MP: 5/5
  3548 | D:4      | Found a stormy altar of Qazlal.
  3582 | D:5      | Entered Level 5 of the Dungeon
  3620 | D:5      | Found a hide-covered altar of Uskayaw.
  3631 | D:5      | Reached skill level 8 in Polearms
  3919 | D:5      | Reached skill level 9 in Polearms
  4288 | D:5      | Noticed Duvessa
  4288 | D:5      | Noticed Dowan
  4310 | D:4      | Killed Dowan
  4310 | D:4      | Reached * piety under Okawaru
  4310 | D:4      | Reached XP level 7. HP: 21/57 MP: 6/6
  4312 | D:4      | Slain by Duvessa

Levels and vault maps discovered:
D:1:      lemuel_arrival_funnel, layout_basic
D:2:      layout_loops_ring, lemuel_blue_sif_altar, first_ration,
          grunt_qazlal_sundering, uniq_robin
D:3:      layout_basic, grunt_gozag_statues
D:4:      layout_rooms, nicolae_overflow_hidden_temple,
          nicolae_overflow_crystal_walls, grunt_temple_overflow_open,
          minmay_temple_entry_glassed_door
D:5:      layout_basic, old_standard_altar, wad_floor_pattern_1, fedhas_altar_4,
          uniq_duvessa
Temple:   compressed_dpeg_triangle_lava_temple

Skill      XL: |  1  2  3  4  5  6 |
---------------+-------------------+-----
Polearms       | 3 4 5 6 7 9 |  9.4
Fighting       | |  3.6
Armour         | |  3.6
Shields        | |  3.6

Action                   |  1- 3 |  4- 6 |  7- 9 || total
-------------------------+-------+-------+-------++-------
Melee: Trident           |   109 |   114 |       ||   223
       Headbutt          |     9 |    23 |       ||    32
       Halberd           |       |    47 |     2 ||    49
  Use: Scroll            |       |     5 |       ||     5
  Eat: Chunk             |     1 |    10 |       ||    11
Armor: Scale mail        |    37 |    42 |     1 ||    80
Dodge: Dodged            |    27 |    49 |     1 ||    77
Block: Shield            |     9 |       |       ||     9

Table legend:
 A = Non-vault XP
 B = Vault XP
 C = Vault XP percentage of total XP
 D = Non-vault monster count
 E = Vault monster count
 F = Vault count percentage of total count
                 A         B        C        D         E       F
            +---------+---------+-------+---------+---------+-------
      Total |     688 |     103 |  13.0 |      79 |      12 |  13.2
            +---------+---------+-------+---------+---------+-------
        D:1 |      30 |       0 |   0.0 |      19 |       0 |   0.0
        D:2 |      72 |      34 |  32.1 |      18 |      11 |  37.9
        D:3 |      57 |       0 |   0.0 |      14 |       0 |   0.0
        D:4 |     211 |      69 |  24.6 |       7 |       1 |  12.5
        D:5 |     318 |       0 |   0.0 |      21 |       0 |   0.0
            +---------+---------+-------+---------+---------+-------
